cohdb
Replays
Latest Replays
All Replays
Popular Replays
Top Player Replays
Match Explorer
How It Works
Community
CoH3 Stats
Reddit
Sign in to upload your games and track your stats! →
Sign in with Steam
Match 41458225
Unlisted
Match 41458225
Overview
Messages
Build Orders
End
Panzergrenadier Squad
250 Light Carrier
Panzergrenadier Squad
Construct Light Support Kompanie
Combat Half-tracks
2.5-tonne Medical Truck
Fire Support Elements
Selects Armored Support Battlegroup
Selects Superior Fire Drills
Assault Mechanized Group
Flakvierling Half-track
Veteran Squad Leaders
Selects Salvage Kits
Construct Panzerarmee Kommand
Emergency Repair Kits
Walking Stuka Rocket Launcher
Pak 38 Mechanized Group
Walking Stuka Rocket Launcher
Pak 38 Mechanized Group
Walking Stuka Rocket Launcher
2.5-tonne Medical Truck
Panzer III L Medium Tank
Selects Panzer Storm
Selects Stuka Anti-tank Loiter
Selects Flammpanzer III Medium Tank
Selects Battlefield Salvage
Rapid Advance
Panzer III L Medium Tank
Vehicle Survival Package
Panzer III L Medium Tank
2.5-tonne Medical Truck
Advanced Optics
Pak 38 Mechanized Group
Panzerpioneer Squad
2.5-tonne Medical Truck
Panzer III L Medium Tank
Armored Reserves
Tiger Heavy Tank
Construct Mechanized Kompanie
Battlefield Salvage
Stuka Anti-tank Loiter
我真的不是驴
꿀뜨개Honeydipper
-AL- Nimahfrosch
yesman55
0
0
Comments
sign in to comment!
No comments posted yet!